Map: Astillero orbital

Players

xXkazperXx - Winner!

  • Race: Zerg Zerg
  • League: Bronze

RANURA DE IA (Muy fácil)

  • Race: Protoss Protoss

VOD

Have the link to the VOD?

Description

Time

  • Played on: April 2, 2016, 9:04 a.m.
  • Length: 6:47
Show
View Real Time Build Order
Export as new Build Order

xXkazperXx Zerg - Winner!

Build Orders: Pool First 

Get SALT Encoding   

  12  0:14  Overlord  
  12  0:21  Drone  
  12  0:22  Drone  
  14  0:39  Spawning Pool  
  13  0:43  Extractor, Drone  
  13  0:46  Drone  
  14  1:15  Drone x3  
  17  1:25  Queen  
  17  1:32  Roach Warren  
  18  1:34  Drone  
  18  1:38  Extractor  
  18  1:40  Zergling x2  
  19  1:49  Drone  
  20  1:58  Drone  
  21  2:15  Lair  
  21  2:34  Zergling x2  
  21  2:35  Overlord  
  22  2:57  Zergling x8  
  26  3:14  Burrow  
  26  3:15  Tunneling Claws  
  26  3:20  Overlord  
  26  3:36  Overlord  
  26  3:43  Metabolic Boost  
  26  3:47  Roach x2  
  30  3:57  Roach  
  32  4:19  Drone x2  
  32  4:22  Roach  
  32  4:23  Roach  
  38  4:25  Hatchery  
  37  4:34  Overlord  
  37  4:58  Roach x3  
  42  5:34  Roach x8  
  42  5:38  Drone  
  43  5:43  Zergling x6  
  43  5:49  Roach x8  
Show
View Real Time Build Order
Export as new Build Order

RANURA DE IA (Muy fácil) Protoss 

Build Orders:  

Get SALT Encoding   

  12  0:01  Probe (Chrono Boost)  
  13  0:11  Probe (Chrono Boost)  
  14  0:20  Pylon  
  14  0:36  Assimilator  
  14  0:42  Gateway  
  14  0:46  Pylon  
  14  1:12  Assimilator  
  14  1:22  Probe (Chrono Boost)  
  15  1:32  Cybernetics Core, Probe (Chrono Boost)  
  16  1:43  Probe (Chrono Boost)  
  17  1:53  Probe (Chrono Boost)  
  18  1:56  Warp Gate  
  18  2:05  Probe (Chrono Boost)  
  19  2:09  Stalker  
  22  2:17  Probe (Chrono Boost)  
  22  5:13  Stalker  
  24  5:15  Pylon  
  20  5:29  Pylon  
  20  5:34  Robotics Facility, Probe (Chrono Boost)  
  21  5:47  Probe (Chrono Boost)  
  22  5:52  Pylon  
  22  5:55  Nexus  
  22  5:58  Probe (Chrono Boost)  
  22  6:01  Pylon  
  23  6:08  Probe (Chrono Boost)  
  24  6:20  Probe (Chrono Boost)  
  25  6:30  Probe (Chrono Boost)  
  14  6:35  Gateway  
Tags
 
Add a new tag
Caveats
  • Supply blocks, unpowered buildings, or Contaminate may cause inaccurate times.
  • Supply counts are checked every 10 seconds.